[Event "5th Baskent University Open 2022"]
[Site "Ankara"]
[Date "2022.07.05"]
[Round "6.4"]
[White "Eynullayev, Atilla"]
[Black "Ozer, Omer Faruk"]
[Result "1-0"]
[ECO "A50"]
[WhiteElo "2333"]
[BlackElo "2317"]
[Annotator "TA"]
[PlyCount "87"]
[EventDate "2022.07.02"]
[EventType "swiss"]
[EventCountry "TUR"]
[SourceTitle "playchess.com"]
[Source "ChessBase"]
[SourceQuality "1"]
[TimeControl "5400+30"]

1. d4 Nf6 2. c4 b6 3. f3 c5 4. d5 e6 5. e4 exd5 6. cxd5 {[%emt 0:01:30] A50: Queen's Fianchetto Defence (1 d4 Nf6 2 c4 b6).} d6 7. Nc3 g6 8. Be3 {[%emt 0:04:30] White is slightly better.} Bg7 9. Qd2 {[%emt 0:04:30] [#]} h5 $146 ({Predecessor:} 9... O-O 10. Bc4 Nbd7 11. Nge2 Ne5 12. Bb5 a6 13. Bd3 Nxd3+ 14. Qxd3 b5 15. a3 Nd7 {0-1 (39) Deobrochinski,V (1197)-Da Costa,E Sao Bento do Sul 2019}) 10. h4 (10. Bb5+ $16 Kf8 11. Bg5) 10... a6 $11 11. a4 Nbd7 12. Nh3 Ne5 13. Be2 Bxh3 14. Rxh3 c4 15. Bd4 Nfd7 16. f4 Bh6 17. Be3 Ng4 18. Qd4 (18. Bxg4 $11 {remains equal.} hxg4 19. Rh1) 18... O-O $17 19. Bxg4 (19. Bxc4 Bg7 20. Qd2 Re8 $15) 19... hxg4 20. Rh1 Nc5 (20... b5 $17 {And now ...Bg7 would win.} 21. h5 (21. axb5 Bg7 $17) 21... Bg7) 21. Qxc4 $15 Re8 (21... b5 $17 22. Qe2 (22. axb5 axb5 23. Rxa8 Qxa8 $17) 22... b4) 22. Bxc5 (22. h5 $5 b5 23. Qe2 (23. axb5 axb5 24. Rxa8 Qxa8 $11) 23... Nxe4 24. Nxe4 Rxe4 25. hxg6 Bxf4 26. gxf7+ Kxf7 27. Rf1 (27. Qxg4 $2 Qg5 $19) 27... Qh4+ 28. Kd1 $17) 22... bxc5 23. g3 Rb8 {[%emt 0:07:25][%mdl 1024] Black has compensation.} 24. O-O-O ({Avoid the trap} 24. Qxa6 $2 Rxb2 25. O-O-O Qb8 $19) 24... Qa5 {[%emt 0:04:35] Strongly threatening ...Bg7.} 25. Rhe1 (25. Rd2 $15) 25... Rb4 $17 26. Qd3 Reb8 27. Rd2 ({Better is} 27. Re2) 27... Bg7 ({Black should play} 27... Qb6 28. Qc2 Bg7) 28. e5 dxe5 $1 29. Rxe5 ({But not} 29. fxe5 $2 Bh6 30. Re3 Qb6 $19) 29... Rd4 (29... Bxe5 $17 30. fxe5 Qb6) 30. Qe3 $11 Bxe5 31. fxe5 Rxd2 32. Qxd2 {[%emt 0:00:03][%mdl 4096] Endgame KQR-KQN} Qb4 33. h5 $1 Qd4 {[%emt 0:00:56] White must now prevent ...Qxd2+.} 34. hxg6 $1 {[%emt 0:01:52] aiming for Qxd4.} Qxe5 35. Qh6 {[%emt 0:00:50] White threatens Qh7+ and mate.} fxg6 36. Qxg6+ Qg7 37. Qxa6 Re8 {[%emt 0:01:36] Inhibits Qe6+.} 38. Qc6 Re1+ 39. Kc2 Qd4 40. d6 {[%emt 0:04:42][%cal Bd5d6,Bd6d7][%mdl 32] Qd5+ is the strong threat. Chess con chili.} c4 $2 (40... Kf8 $11) 41. Qd5+ $18 {[%emt 0:00:14] White is clearly winning.} Qxd5 42. Nxd5 {[%emt 0:00:30] Intending d7 and mate.} Re6 43. d7 Rd6 {[%emt 0:00:00] [#]} 44. Nb6 $1 {[%emt 0:01:12][%mdl 512] Weighted Error Value: White=0.16 (very precise) /Black=0.11 (very precise)} 1-0

[Event "5th Baskent University Open 2022"]
[Site "Ankara"]
[Date "2022.07.05"]
[Round "6.5"]
[White "Ozsoy, Alimert"]
[Black "Koksal, Ege"]
[Result "1-0"]
[ECO "C60"]
[WhiteElo "2263"]
[BlackElo "2356"]
[Annotator "TA"]
[PlyCount "99"]
[EventDate "2022.07.02"]
[EventType "swiss"]
[EventCountry "TUR"]
[SourceTitle "playchess.com"]
[Source "ChessBase"]
[SourceQuality "1"]
[TimeControl "5400+30"]

1. e4 e5 2. Nf3 Nc6 3. Bb5 Nge7 4. O-O g6 5. c3 a6 6. Ba4 Bg7 7. d4 exd4 8. cxd4 b5 {[%emt 0:00:00] C60: Ruy Lopez: Unusual Black 3rd moves and 3...g6.} 9. Bc2 d6 10. h3 {[%emt 0:00:30] Against Bg4} O-O {[%emt 0:00:00] The position is equal.} 11. a3 Na5 12. Nc3 {[%emt 0:01:30] [#]} c5 $146 ({Predecessor:} 12... h6 13. b3 c5 14. Be3 c4 15. b4 Nac6 16. Qd2 Kh7 17. Rfb1 d5 18. a4 Rb8 19. axb5 axb5 20. exd5 Nxd5 {½-½ (94) Zinski,M (2067)-Kovanova,B (2325) Chess.com INT 2021}) 13. dxc5 dxc5 14. Qxd8 Rxd8 15. Be3 Nb7 16. Bb3 c4 17. Bc2 Be6 18. Rfd1 Nc6 19. Bb6 Rxd1+ 20. Rxd1 h6 21. e5 Nxe5 22. Nxe5 Bxe5 23. Be4 {[%emt 0:00:30] [#]} Kg7 24. f4 $14 (24. Bxb7 Rb8 25. f4 Bf6 $17) 24... Bf6 25. Be3 $36 {[%emt 0:01:30][%mdl 2048] Black is under pressure.} ({Much worse is} 25. Bxb7 Rb8 26. Ne4 Rxb7 27. Nxf6 Rxb6 28. Ne8+ Kf8 $17) 25... Rb8 26. g4 $1 b4 $2 (26... Kh7 $11) 27. axb4 $18 Nd8 28. Bc5 Bc8 29. Ba7 Rxb4 30. Nd5 Nc6 {[%emt 0:01:38] [#]} 31. Nxb4 ({White should try} 31. Bf2 $1 $18) 31... Nxa7 $16 32. Rc1 {[%emt 0:02:30] White is more active.} a5 33. Nd5 Bd4+ (33... Bxb2 $16 34. Rxc4 Bb7) 34. Kg2 $18 Bxb2 35. Rxc4 Be6 36. Ra4 Nc6 37. Nb6 Bd4 38. Nd5 {[%emt 0:01:30] Black must now prevent Rc4.} ({Don't do} 38. Bxc6 $6 Bxb6 39. Kf3 f5 $16) 38... Bb2 $1 {[%emt 0:00:38] A strong pair of Bishops.} 39. Kg3 Bd7 (39... g5 $16 {might work better.} 40. Kg2 Bd7) 40. Nb6 Be8 41. Bg2 Kf8 42. Bxc6 Bxc6 43. Rxa5 $16 {[%emt 0:00:30][%mdl 4096] Endgame KRN-KB} Bc3 44. Rc5 Be1+ 45. Kh2 Be4 (45... Bf3 $16 46. Nd7+ Kg7) 46. Nd7+ $18 Kg7 47. Re5 f5 48. Re7+ ({Weaker is} 48. Nc5 Bd2 49. Kg1 Bf3 $16) 48... Kg8 49. Ne5 fxg4 $2 (49... Bb4) 50. Nxg4 {[%emt 0:00:30] Weighted Error Value: White=0.14 (very precise) /Black=0.22 (precise)} 1-0

[Event "5th Baskent University Open 2022"]
[Site "Ankara"]
[Date "2022.07.05"]
[Round "6.6"]
[White "Dedebas, Emre Emin"]
[Black "Tarhan, Adar"]
[Result "1/2-1/2"]
[ECO "A11"]
[WhiteElo "2321"]
[BlackElo "2201"]
[Annotator "TA"]
[PlyCount "45"]
[EventDate "2022.07.02"]
[EventType "swiss"]
[EventCountry "TUR"]
[SourceTitle "playchess.com"]
[Source "ChessBase"]
[SourceQuality "1"]
[TimeControl "5400+30"]

1. Nf3 d5 2. g3 Nf6 3. Bg2 Bf5 4. c4 c6 5. O-O e6 6. cxd5 cxd5 7. Qb3 {[%emt 0:01:30] A11: English Opening: 1...c6.} Qd7 8. Ne5 Qc7 9. d4 {[%emt 0:03:30] White is slightly better.} (9. d3 $5) 9... Bd6 10. Nc3 {[%emt 0:09:30] [#] Strongly threatening Nb5.} a6 {[%emt 0:00:00] Inhibits Nb5.} 11. Qa4+ Nbd7 {[%emt 0:05:00] [#]} (11... Nfd7 $1 $14) 12. Nb5 $146 {[%emt 0:04:30][%mdl 2048] White is in control.} ({Predecessor:} 12. Nxd7 Qxd7 13. Bg5 Qxa4 14. Nxa4 b5 15. Nc5 Bxc5 16. Bxf6 gxf6 17. dxc5 Kd7 18. b4 {0-1 (34) Dejmek,M (2018)-Chen,M (1997) Chess.com INT 2021}) 12... Qb6 13. Nxd6+ Qxd6 14. Bf4 {[%emt 0:05:30] White is more active.} b5 {[%emt 0:09:30] [#]} 15. Nxd7 $1 Qxd7 16. Qa5 O-O 17. Rac1 Rfc8 18. Rxc8+ Rxc8 19. Qxa6 h6 20. b3 ({White should play} 20. f3 $16) 20... Rc2 (20... g5 $14 21. Bd6 Rc6 22. Qa8+ Rc8) 21. Bf3 (21. f3 $16) 21... Ne4 22. a4 ({White should try} 22. g4 $14 Bg6 23. Kg2) 22... bxa4 $11 23. Qxa4 {[%emt 0:03:42] Weighted Error Value: White=0.22 (precise) /Black=0.21 (precise)} 1/2-1/2

[Event "5th Baskent University Open 2022"]
[Site "Ankara"]
[Date "2022.07.05"]
[Round "6.8"]
[White "Aliyev, Elnur"]
[Black "Sevgi, Volkan"]
[Result "1/2-1/2"]
[ECO "E00"]
[WhiteElo "2142"]
[BlackElo "2305"]
[Annotator "TA"]
[PlyCount "77"]
[EventDate "2022.07.02"]
[EventType "swiss"]
[EventCountry "TUR"]
[SourceTitle "playchess.com"]
[Source "ChessBase"]
[SourceQuality "1"]
[TimeControl "5400+30"]

1. d4 Nf6 2. c4 e6 3. Nc3 Bb4 4. g3 O-O 5. Bg2 Qe7 6. Bd2 d6 7. e3 {[%emt 0:02:30] E00: Catalan Bogo-Indian (3 g3 Bb4+).} e5 {[%emt 0:01:30] Threatens to win with ...exd4.} 8. Nge2 Bxc3 9. Bxc3 {[%emt 0:00:30] [#]} c6 $146 ({Predecessor:} 9... exd4 10. Nxd4 Ne4 11. Qc2 Re8 12. O-O Nc6 13. Rfe1 Bd7 14. b3 Nxc3 15. Qxc3 a6 {1-0 (45) Cioara,A (2465)-Nestorovic,D (2411) Paracin 2013}) 10. O-O Bf5 {[%emt 0:09:30] Prevents e4.} (10... e4 $11 {keeps the balance.}) 11. h3 Bg6 12. c5 dxc5 13. dxe5 Ne4 14. f4 Rd8 15. Qc1 {[%emt 0:02:30] [#] aiming for f5.} Nxc3 16. Nxc3 {[%emt 0:00:30] Black must now prevent f5.} (16. Qxc3 $5 Bd3 17. Kf2 $11) 16... Bd3 17. Rd1 Na6 18. Ne4 (18. Nd5 $5 cxd5 19. Rxd3 $11) 18... Bxe4 19. Bxe4 Qe6 20. g4 c4 21. Qc2 Nb4 22. Qc3 ({But not} 22. Bxh7+ Kh8 23. Qa4 Rxd1+ 24. Rxd1 Qh6 25. Qxb4 Qxh3 $11) ({Better is} 22. Rxd8+ $14 Rxd8 23. Rd1 (23. Bxh7+ Kh8 $11)) 22... Nd5 $11 {[%emt 0:03:30] The position is equal.} 23. Qxc4 Nxf4 24. Bxh7+ $1 Kxh7 25. Qxf4 Rxd1+ 26. Rxd1 {[%emt 0:00:23][%mdl 4096] Endgame KQR-KQR} Re8 27. b3 Qxe5 28. Qxe5 Rxe5 {[%emt 0:00:30] KR-KR} 29. Rd7 Rxe3 30. Rxb7 Kg6 31. Rxa7 Rxh3 32. Kf2 Kf6 33. Ra6 Rc3 34. Ke2 Ke5 35. Kd2 Rg3 36. Ra7 Rxg4 37. Rxf7 Rg2+ 38. Kc3 Rxa2 {[%emt 0:00:30] And now ...g5 would win.} 39. Rxg7 {[%emt 0:00:00] Weighted Error Value: White=0.08 (flawless) /Black=0.06 (flawless)} 1/2-1/2

[Event "5th Baskent University Open 2022"]
[Site "Ankara"]
[Date "2022.07.05"]
[Round "6.9"]
[White "Akbas, Umut Ata"]
[Black "Altun, Arda"]
[Result "1/2-1/2"]
[ECO "B12"]
[WhiteElo "2298"]
[BlackElo "2213"]
[Annotator "TA"]
[PlyCount "107"]
[EventDate "2022.07.02"]
[EventType "swiss"]
[EventCountry "TUR"]
[SourceTitle "playchess.com"]
[Source "ChessBase"]
[SourceQuality "1"]
[TimeControl "5400+30"]

1. e4 c6 2. d4 d5 3. e5 Bf5 4. Nf3 e6 5. Be2 c5 6. O-O Nc6 7. c3 Qb6 8. dxc5 Bxc5 {[%emt 0:00:30] B12: Caro-Kann: Advance Variation.} 9. Nbd2 (9. b4 $14 Be7 10. Qa4) 9... Bg4 (9... Qc7 $11) 10. Qa4 $14 Nh6 {[%emt 0:03:30] [#]} 11. Nb3 $146 (11. h3 $16 Bxf3 12. Nxf3) ({Predecessor:} 11. h3 Bxf3 12. Nxf3 Nf5 13. b4 Be7 14. Bd3 g6 15. g4 Ng7 16. Be3 Qd8 17. b5 {1-0 (33) Zieher,H (2206)-Potrykus,D Germany 2006}) 11... Bxf3 $11 12. Bxf3 Nf5 13. Bf4 O-O 14. Bg4 Nce7 15. Rad1 Rac8 16. Rd2 Qc7 17. h3 Bb6 18. Bh2 Qc4 19. Qa3 Rfe8 ({Resist} 19... Ne3 20. fxe3 Bxe3+ 21. Rdf2 $1 $16) 20. Rfd1 Red8 21. Kh1 a5 (21... Rd7 {feels hotter.} 22. Kg1 Rdc7 23. Nc1 Nh6) 22. Nc1 a4 23. Nd3 d4 24. Rc1 Ba5 (24... dxc3 {keeps more tension.} 25. Rxc3 Qb5 26. Rxc8 Rxc8 27. b3 axb3 28. axb3 Bd4) 25. cxd4 Bxd2 ({But not} 25... Qxd4 $6 26. Rxc8 Nxc8 27. Rd1 $11) 26. Rxc4 Rxc4 27. Bf4 Rcxd4 (27... Bxf4 $17 28. Nxf4 Rcxd4) 28. Bxd2 {[%emt 0:00:30] Strongly threatening Be2.} Rxd3 29. Bc3 b5 (29... R3d7 $11) 30. Be2 $1 $16 R3d7 31. Bxb5 Rb7 (31... Ra7 $16) 32. Qxa4 $18 Nd5 33. Qa5 (33. Kh2 $142) 33... Rc7 (33... Rbb8 $16 {keeps fighting.} 34. Bc6 Nfe7) 34. Bc6 {[%emt 0:02:22] This bishop pair is nice.} ({Better is} 34. Bb4 $18) 34... Nfe7 $16 35. Bxd5 Nxd5 36. Bd4 h6 (36... Rcc8 $16 {was worth a try.}) 37. Kh2 (37. b4 $1 $18) 37... Rb8 38. a3 {[%emt 0:00:30] Against Rb4} Rc4 {[%emt 0:00:30] Inhibits Qa4.} 39. Qd2 Rd8 (39... Ra8 $16 40. Qd3 Rca4) 40. Ba7 (40. b3 $18 Rcc8 41. a4) 40... Rdc8 41. b4 ({White should play} 41. Qd3 $16) 41... Rc3 (41... Ra8 $1 $11 42. Qe2 Rc3) 42. b5 $1 {[%emt 0:00:58][%cal Bb4b5,Bb5b6][%mdl 32] Black must now prevent b6.} Rxa3 43. b6 Rb3 {[%emt 0:00:30] [#]} 44. Qa2 $1 Rb4 45. Qa6 Rc6 46. Qa5 $2 {[%emt 0:00:03] [#]} (46. Qb7 $16 {keeps the pressure on.} Rcxb6 47. Bxb6 Rxb6 48. Qc8+ Kh7 49. Qd7) 46... g6 $1 $17 47. Qa3 Kg7 48. Qf3 Rbxb6 $2 (48... Rc2 $17 49. Kg1 Rbb2) 49. Bxb6 $16 Rxb6 $17 {[%emt 0:00:30] KQ-KRN} 50. Qa3 Rb4 51. Qa7 Re4 52. Qa1 Rb4 53. Qe1 h5 54. Qd2 {[%emt 0:00:58] White really could win this.  Weighted Error Value: White=0.28 (precise) /Black=0.30} 1/2-1/2

[Event "5th Baskent University Open 2022"]
[Site "Ankara"]
[Date "2022.07.05"]
[Round "6.10"]
[White "Citak, Selim"]
[Black "Yildirim, Ibrahim Halil"]
[Result "1/2-1/2"]
[ECO "D11"]
[WhiteElo "2176"]
[BlackElo "2106"]
[Annotator "TA"]
[PlyCount "116"]
[EventDate "2022.07.02"]
[EventType "swiss"]
[EventCountry "TUR"]
[SourceTitle "playchess.com"]
[Source "ChessBase"]
[SourceQuality "1"]
[TimeControl "5400+30"]

1. d4 d5 2. c4 c6 3. Nf3 Nf6 4. Qc2 g6 5. Bf4 dxc4 6. Qxc4 {[%emt 0:08:30] D11: Slav Defence: 3 Nf3 sidelines and 3...Nf6 4 e3 Bg4.} Be6 7. Qc1 Bd5 8. Nbd2 Nbd7 9. Qc2 Qa5 10. a3 c5 {[%emt 0:05:30] Inhibits b4.} 11. dxc5 Qxc5 12. Qxc5 Nxc5 {[%emt 0:00:30] [#]} 13. Rc1 $146 ({Predecessor:} 13. e3 Bg7 14. Bb5+ Nfd7 15. O-O-O a6 16. Bxd7+ Nxd7 17. e4 Ba2 18. Nb1 Rc8+ 19. Nc3 Bxc3 20. bxc3 {0-1 (33) Martinovici,I (2367)-Volkov,S (2572) Sochi 2019}) 13... Ncd7 14. e3 Bg7 15. Bc4 O-O 16. O-O Rac8 17. Ne5 {[%emt 0:00:30] Hoping for Nxd7.} Nb6 18. Bxd5 ({White should try} 18. Be2 $15) 18... Nfxd5 $17 19. Ne4 f6 (19... Na4 $1 $17 20. Rcd1 Rfd8) 20. Nd3 $1 $15 e5 {[%emt 0:08:30] ...Rxc1 is the strong threat.} 21. Bg3 f5 22. Rxc8 Nxc8 23. Nec5 e4 24. Nb4 Nxb4 25. axb4 Bxb2 26. Nxb7 Rf7 27. Rb1 Rxb7 28. Rxb2 $11 {[%emt 0:00:02][%mdl 4096] Endgame KRB-KRN} Kf7 29. h4 Ke6 30. Rc2 Ne7 31. Rb2 (31. Bf4 $11 {keeps the balance.}) 31... Nd5 32. Rc2 Nxb4 33. Rc5 a6 34. f3 exf3 35. gxf3 Ra7 36. e4 fxe4 37. fxe4 a5 $1 38. Be1 Nd3 39. Rxa5 Rxa5 40. Bxa5 $15 {[%emt 0:00:30] KB-KN} Ke5 41. h5 $2 (41. Bd2 $15) 41... g5 $1 $19 ({Stronger than} 41... gxh5 42. Kg2 $17) 42. Bd8 g4 $2 (42... Nf4 $1 $19 43. Kh2 Ne6) 43. Kg2 $15 Kxe4 {[%emt 0:00:05] White must now prevent ...Kf4.} 44. Kg3 Kf5 $1 {[%emt 0:00:05] And now ...Nf4 would win.} 45. h6 Nc5 {[%emt 0:03:45] Threatens to win with ...Ne4+.} 46. Kh4 $2 (46. Bc7 $15) 46... Kf4 47. Bc7+ Kf3 48. Bb8 Ne4 49. Bc7 g3 50. Bxg3 Nxg3 {[%emt 0:00:30] KN-KP} 51. Kg5 Ne4+ 52. Kf5 Ng3+ $2 (52... Nf2 53. Kf6 Nh3 54. Kf7 Ng5+ 55. Kg7 Ke4 56. Kg8 Kf5 57. Kf8 Kf6 58. Ke8 Ke6 59. Kd8 Nf7+ 60. Kc7 Nxh6 61. Kc6 Nf5 62. Kc5 h5 63. Kc6 h4 64. Kc7 h3 65. Kc6 h2 66. Kc5 h1=Q 67. Kc4 Qb1 68. Kc3 Ke5 69. Kc4 Nd4 70. Kc3 Qc2+ 71. Kb4 Qb3+ 72. Kc5 Qb5#) 53. Kf6 $2 (53. Kg5 $11 Ne4+ 54. Kf5 Ke3 55. Ke5 Ng5 56. Kf5 Nh3 57. Kg4 Ng1 58. Kh5 Nf3 59. Kg4 Ng1 60. Kh5 Kf3 61. Kg5 Ke4 62. Kh5 Kf5 63. Kh4 Kf4 64. Kh5 Ne2 65. Kh4 Ng3 66. Kh3 Nf5 67. Kh2 Nxh6 68. Kh3 Nf5 69. Kh2 h5 70. Kh3 Kf3 71. Kh2 Kg4 72. Kg1 Ne3 73. Kh2 Kh4 74. Kh1 Kh3 75. Kg1 Kg3 76. Kh1 h4 77. Kg1 h3 78. Kh1 Nf1 79. Kg1 Nd2 80. Kh1 Ne4 81. Kg1 h2+ 82. Kf1 Kf3 83. Ke1 h1=Q#) 53... Nh5+ $1 54. Kg5 {[%emt 0:00:32] [#]} Nf4 $1 55. Kf6 {[%emt 0:00:24] [#]} Kg4 $2 (55... Nh3 $1 {mates} 56. Kf5 Kg3 57. Ke6 Kf4 58. Kf6 Ng5 59. Ke7 Kf5 60. Kd6 Nf7+ 61. Kd5 Nxh6 62. Kd4 Ng4 63. Kd3 h5 64. Ke2 Kf4 65. Kf1 Kg3 66. Ke2 h4 67. Kd3 h3 68. Kd4 h2 69. Kc5 h1=Q 70. Kb6 Ne5 71. Kc5 Qc1+ 72. Kb5 Qc6+ 73. Ka5 Qc5+ 74. Ka6 Qb4 75. Ka7 Nd7 76. Ka8 Qb8#) 56. Kg7 $11 {[%emt 0:00:16] The position is equal.} Kg5 57. Kxh7 Kf6 58. Kg8 $1 Ng6 {[%emt 0:00:28] Weighted Error Value: White=0.48/Black=0.34} 1/2-1/2

[Event "5th Baskent University Open 2022"]
[Site "Ankara"]
[Date "2022.07.05"]
[Round "6.11"]
[White "Maruflu, Enes Yusuf"]
[Black "Unat, Can Haktan"]
[Result "1/2-1/2"]
[ECO "E01"]
[WhiteElo "2046"]
[BlackElo "2242"]
[Annotator "TA"]
[PlyCount "146"]
[EventDate "2022.07.02"]
[EventType "swiss"]
[EventCountry "TUR"]
[SourceTitle "playchess.com"]
[Source "ChessBase"]
[SourceQuality "1"]
[TimeControl "5400+30"]

1. c4 Nf6 2. d4 e6 3. g3 d5 4. Bg2 Bb4+ 5. Bd2 a5 6. a3 {[%emt 0:02:30] E01: Catalan: Early deviations.} Be7 7. Nf3 O-O 8. Qc2 c5 9. cxd5 {[%emt 0:06:30] [#]} Qxd5 $146 ({Predecessor:} 9... cxd4 10. Nxd4 Nxd5 11. Nc3 Bf6 12. Nxd5 exd5 13. Bc3 Nc6 14. Rd1 Re8 15. O-O Bg4 16. Nxc6 bxc6 17. Bxf6 Qxf6 {½-½ (23) Hort,V (2446)-Miezis,N (2542) Triesen 2011}) 10. Nc3 Qh5 11. dxc5 Bxc5 12. O-O Nc6 13. Ne4 Nxe4 14. Qxe4 e5 15. Bc3 Re8 16. Rfd1 (16. b4 $5 Bf8 17. b5 $16) 16... Bb6 17. Rd6 Bf5 18. Qh4 Qxh4 19. Nxh4 Bg4 20. Rxc6 bxc6 21. Bxc6 e4 22. Kf1 h5 23. Ng2 Rad8 24. Bxe8 Rxe8 25. Rd1 (25. Nf4 $16) 25... e3 ({Black should try} 25... Rd8 $14 26. Rxd8+ Bxd8) 26. f3 Bxf3 27. Rd6 Bc5 28. Rd7 (28. Ra6 $16 Be4 29. Rxa5) 28... Bc6 $11 29. Rd3 (29. Rc7 $5 Re6 30. Bxa5 $14) 29... Be4 30. Rd7 a4 (30... Bc6 $5 31. Rc7 Re6 $14) 31. h4 Rc8 32. Ba5 Bf5 {[%emt 0:04:22] A strong pair of Bishops.} 33. Rd5 Be6 34. Rd3 Bc4 35. Rd1 f6 36. Nf4 {[%emt 0:00:30] Prevents Be6.} g5 37. Nxh5 gxh4 (37... Kf7 $1 $11 {is superior.}) 38. Rd7 Be6 39. Nxf6+ Kf8 40. Rh7 hxg3 41. Kg2 Be7 42. Rh8+ Kf7 43. Rxc8 Bxc8 {[%emt 0:00:30][%mdl 4096] Endgame KBB-KBN} 44. Nh5 Bd6 45. Nxg3 Bb7+ 46. Kh3 Ke6 47. Bb6 Be5 48. Bxe3 Bxb2 49. Bc5 Kd5 50. Bb4 Kc4 51. Nf1 $1 Kb3 52. Nd2+ Ka2 53. Nc4 Bc1 54. Nb6 $1 Kb3 55. Kg3 $1 Be3 56. Nd7 Kc4 57. Ne5+ Kb3 58. Nd3 Kc2 59. Bc5 Bh6 60. Kf2 $1 Be4 61. Ne1+ Kd2 62. Bb4+ Kd1 63. Nd3 Kc2 64. Nc5 Bc6 65. e4 Bf4 66. Kf3 Bd6 67. Ke3 {[%emt 0:00:00] aiming for Kd4.} Bxc5+ 68. Bxc5 {[%emt 0:00:00] [#] Strongly threatening Kd4. KB-KB} Kc3 $1 69. Kf4 Kc4 70. Bf8 Kb5 71. e5 Bd7 {[%emt 0:00:12] The position is equal.} 72. Kg5 Kc6 73. Kf6 {[%emt 0:00:30] [#] And now e6 would win.} Kd5 {[%emt 0:00:00] Against e6.  Weighted Error Value: White=0.09 (flawless) /Black=0.07 (flawless)} 1/2-1/2

[Event "5th Baskent University Open 2022"]
[Site "Ankara"]
[Date "2022.07.05"]
[Round "6.12"]
[White "Bekiragaoglu, Umut"]
[Black "Zor, Alber Kadir"]
[Result "1/2-1/2"]
[ECO "B33"]
[WhiteElo "2067"]
[BlackElo "2116"]
[Annotator "TA"]
[PlyCount "37"]
[EventDate "2022.07.02"]
[EventType "swiss"]
[EventCountry "TUR"]
[SourceTitle "playchess.com"]
[Source "ChessBase"]
[SourceQuality "1"]
[TimeControl "5400+30"]

1. e4 c5 2. Nf3 Nc6 3. d4 cxd4 4. Nxd4 Nf6 5. Nc3 h5 (5... e6 $11) 6. Bg5 $14 {[%emt 0:06:30] White is more active. B33: Sicilian: Pelikan and Sveshnikov Variations.} Qa5 7. Bxf6 gxf6 8. Nb3 {[%emt 0:05:30] White is slightly better.} Qe5 9. g3 e6 10. f4 Qd6 11. Qxd6 (11. Qe2 $14) 11... Bxd6 $11 12. O-O-O Ke7 {[%emt 0:03:30] [#]} 13. Bg2 $146 ({Predecessor:} 13. Nb5 Bb8 14. h4 a6 15. N5d4 Nxd4 16. Nxd4 b5 17. Kb1 Bb7 18. Bd3 Ba7 19. Ne2 {1-0 (41) Arakhamia Grant,K (2354)-Vine,E (2084) Chess.com INT 2022}) 13... Bb8 14. Rhe1 d6 15. Rd3 a6 {[%emt 0:14:30] The position is equal.} 16. Red1 Bc7 17. Nd2 Nb4 18. Rd4 Nc6 19. Rd3 {[%emt 0:00:00] Weighted Error Value: White=0.11 (very precise) /Black=0.13 (very precise)} 1/2-1/2

[Event "5th Baskent University Open 2022"]
[Site "Ankara"]
[Date "2022.07.05"]
[Round "6.13"]
[White "Ozturk, Efe Hakan"]
[Black "Bicer, Atakan Mert"]
[Result "1/2-1/2"]
[ECO "D78"]
[WhiteElo "2115"]
[BlackElo "2368"]
[Annotator "TA"]
[PlyCount "83"]
[EventDate "2022.07.02"]
[EventType "swiss"]
[EventCountry "TUR"]
[SourceTitle "playchess.com"]
[Source "ChessBase"]
[SourceQuality "1"]
[TimeControl "5400+30"]

1. d4 d5 2. c4 c6 3. Nf3 Nf6 4. g3 g6 5. Bg2 Bg7 6. O-O O-O 7. Qb3 dxc4 8. Qxc4 Be6 {[%emt 0:01:30] 8...b5 is setting a new trend.} 9. Qa4 Nbd7 {[%emt 0:07:30] D78: Fianchetto Grünfeld: 6 0-0 c6.} 10. Nc3 Nb6 {[%emt 0:04:30] 10...Bf5 is vanishing.} 11. Qc2 Nfd5 {[%emt 0:03:30] White has an edge.} 12. a3 Rc8 {[%emt 0:14:30] [#]} 13. e4 $146 ({Predecessor:} 13. Rd1 Nxc3 14. bxc3 h6 15. a4 Nc4 16. Rb1 b6 17. Nd2 Qd7 18. e4 Nxd2 19. Rxd2 {½-½ (81) Bronowicki,M (2313)-Strzemiecki,Z (2285) Gorzow Wielkopolski 2007}) 13... Nxc3 14. bxc3 c5 15. d5 Bg4 16. Rb1 Qd7 17. c4 Bxf3 (17... e6 $1 $14) 18. Bxf3 $16 Bd4 19. Bh6 Rfe8 20. Bd2 {[%emt 0:01:30] This bishop pair is nice.} e5 21. Ba5 Na8 (21... Ra8 $1 $11) 22. Bd1 Re7 23. Qa4 {[%emt 0:09:54] Black must now prevent Qxd7.} Qd6 24. Kg2 (24. Bd2 $16) 24... f5 $1 $14 ({Don't take} 24... Nb6 25. Bxb6 axb6 26. Qa7 $16) 25. f3 (25. Bd2 $14) 25... f4 $11 ({But not} 25... Nb6 26. Bxb6 axb6 27. Qa7 $14) 26. g4 h6 27. h4 Kg7 28. Be1 b6 29. Rh1 Nc7 30. h5 g5 31. Qb3 Ne8 32. a4 Qc7 33. Be2 Nd6 34. Bd2 Qd8 35. Qa2 (35. a5 $5) 35... Rb8 36. Rb3 Reb7 37. Rhb1 Qd7 (37... a5 $11) 38. Bc3 (38. a5 $16) 38... Kf6 39. Bd2 (39. a5 $14) 39... a6 40. Kh3 Qc7 41. Qc2 Qd7 42. Qa2 {[%emt 0:00:11] Weighted Error Value: White=0.19 (very precise) /Black=0.13 (very precise)} 1/2-1/2